 Dungeon Crawl Stone Soup version 0.31-a0-1074-g0b22e4e0f1 (webtiles) character file.

Game seed: 16282905317843899697

1478 jbradecamp the Poker (level 8, 0/51 HPs)
             Began as a Gargoyle Chaos Knight on Nov 29, 2023.
             Was a Plaything of Xom.
             Splashed by a jelly's acid (4 damage)
             ... on level 6 of the Dungeon on Nov 30, 2023.
             The game lasted 00:38:54 (4831 turns).

jbradecamp the Poker (Gargoyle Chaos Knight)        Turns: 4831, Time: 00:38:55

Health: 0/51       AC: 13    Str: 23    XL:     8   Next: 79%
Magic:  8/8        EV: 12    Int: 15    God:    Xom [.*....]
Gold:   306        SH:  0    Dex:  8    Spells: 7/7 levels left

rFire   . . .        a - +0 spear (chaos)
rCold   x . .        (no shield)
rNeg    + . .        b - +2 leather armour
rPois   ∞            (no helmet)
rElec   +            (no cloak)
rCorr   .            (no gloves)
SInv    .            (no boots)
Will    ++...        t - amulet of faith
Stlth   ++           k - +4 ring of protection
HPRegen 0.28/turn    v - +6 ring of intelligence
MPRegen 0.11/turn

%: faith
@: about to teleport, corroded
A: sickness immunity, AC +5, negative energy resistance 1, electricity
resistance, torment resistance 1, petrification resistance, iridescent scales 1,
dopey 1, strong-willed 2, strong 1, wild magic 1, cold vulnerability 1,
inability to read after injury 1
a: Renounce Religion


You were on level 6 of the Dungeon.
You worshipped Xom.
You were a plaything of Xom.
You visited 1 branch of the dungeon, and saw 6 of its levels.

You collected 306 gold pieces.

Inventory:

Hand Weapons
 a - a +0 spear of chaos (weapon)
 l - a +0 whip
 s - a +0 whip
Armour
 b - a +2 leather armour (worn)
 d - a +0 leather armour
Jewellery
 k - a +4 ring of protection (left hand)
 q - an amulet of faith
 t - an amulet of faith (around neck)
 v - a +6 ring of intelligence (right hand)
 A - a ring of positive energy
 D - a ring of fire
 E - a ring of magical power
Talismans
 o - a talisman of death
 C - a beast talisman
Wands
 i - a wand of charming (5)
Scrolls
 c - a scroll of butterflies
 e - a scroll of enchant weapon {unknown}
 f - a scroll of fog {unknown}
 h - 2 scrolls of teleportation
 j - a scroll of vulnerability
 m - a scroll of blinking {unknown}
 n - 2 scrolls of poison {unknown}
 p - a scroll of revelation {unknown}
 x - a scroll of enchant armour {unknown}
 y - a scroll of amnesia {unknown}
 z - 2 scrolls of fear
Potions
 g - a potion of might {unknown}
 r - a potion of cancellation
 u - a potion of degeneration {unknown}
 w - a potion of resistance {unknown}
 B - a potion of berserk rage {unknown}


   Skills:
 + Level 6.0 Fighting
 + Level 7.1 Polearms
 + Level 4.0 Armour
 + Level 3.9 Dodging
 + Level 2.5 Stealth


You had 7 spell levels left.
You didn't know any spells.
Your spell library contained the following spells:

 Spells                   Type           Power      Damage    Failure   Level
 Freeze                   Ice            0%         1d3       38%         1
 Frozen Ramparts          Ice            0%         1d1       75%         3
 Hailstorm                Conj/Ice       0%         3d3       75%         3
 Passage of Golubria      Tloc           0%         N/A       98%         4
 Silence                  Hex/Air        0%         N/A       100%        5
 Lehudib's Crystal Spear  Conj/Erth      0%         10d2      100%        8


Dungeon Overview and Level Annotations

Branches:
Dungeon (6/15)
 Temple: D:4-7

Altars:
Dithmenos
Gozag
Trog
Uskayaw
Xom
Zin

Annotations:
D:4 3 runed translucent doors, sammy202020's ghost, amateur MiFi


Innate Abilities, Weirdness & Mutations

You are immune to sickness and miasma.
Your stone body is resilient. (AC +5)
You are immune to poison.
You resist negative energy. (rN+)
You are resistant to electric shocks. (rElec)
You are resistant to unholy torment.
You are immune to petrification.
You are partially covered in iridescent scales. (AC +2)
You are dopey. (Int -2)
You are highly strong-willed. (Will++)
Your muscles are strong. (Str +4, Int/Dex -1)
Your spells are a little harder to cast, but a little more powerful.
You are vulnerable to cold. (rC-)
You occasionally lose the ability to read scrolls when taking damage.


Message History

The jelly quivers.
You hit the orc.
The orc suddenly seems more agile.
Xom thinks this is hilarious!
The orc is heavily wounded.
The orc misses you. The orc closely misses you.
You hit the orc.
The orc is almost dead.
The orc hits you but does no damage. The orc hits you with a +0 club.
You hit the orc.
You kill the orc!
You barely miss the orc. The orc hits you with a +0 club.
You hit the orc.
The orc is moderately wounded.
An iguana comes into view.
The jelly hits you but does no damage. The orc hits you with a +0 club.
The white imp shouts, "Out, out, thou loggerheaded flap-mouthed varlet!"
The iguana hisses angrily.
You hit the jelly. You freeze the jelly.
Your hands burn!
The jelly is heavily wounded.
The white imp gestures at you. The puff of frost hits you!
You feel a terrible chill!
Xom thinks this is hilarious!
The jelly closely misses you. The orc misses you.
As you read the scroll of teleportation, it crumbles to dust.
You feel strangely unstable. The jelly hits you. The acid corrodes you!
You are splashed with acid!
* * * LOW HITPOINT WARNING * * *
The orc closely misses you.
You completely miss the jelly.
The jelly is heavily wounded.
You hit the jelly but do no damage.
Your hands burn!
* * * LOW HITPOINT WARNING * * *
The jelly is heavily wounded.
The jelly hits you but does no damage. The orc barely misses you.
The white imp gestures at you. The puff of frost hits you.
You feel a terrible chill!
* * * LOW HITPOINT WARNING * * *
You hit the jelly but do no damage.
Your hands burn!
You die...
Xom thinks this is hilarious!

#... ##.. ....5
...[.#.... .....
......... .#....
.....#.### ..$...
#........#
......####.........
......5.#o)........
........@)..l..$...
........J).<.......
............)......
.......#.#.........
.#.....###._.......
/...... ..##......
.##..#. .... ..)...
#..## ##.. .....J
#.# #.........


You could see an iguana, a jelly, a white imp and an orc.

Vanquished Creatures
  The ghost of justen the Changeling, an amateur DrSh of Uskayaw (D:5)
  A wyvern (shapeshifter) (D:5)
  Edmund (D:5)
  A black bear (D:5)
  A centaur (D:5)
  A scorpion (D:3)
  A water moccasin skeleton (D:5)
  A hound (D:5)
  2 jellies
  2 orc priests (D:5)
  A sleepcap (D:5)
  An orc wizard (D:4)
  Ijyb (D:5)
  A howler monkey zombie (D:5)
  8 adders
  A worm (D:2)
  2 dart slugs
  12 orcs
  4 endoplasms
  4 giant cockroaches
  7 goblins
  10 hobgoblins
  3 kobolds
  A quokka (D:2)
  3 ball pythons
  3 bats
  4 rats
78 creatures vanquished.

Vanquished Creatures (collateral kills)
  Grinder (D:5)
  A black bear (D:5)
  An orc priest (D:5)
  A sleepcap (D:5)
  2 orcs (D:6)
6 creatures vanquished.

Grand Total: 84 creatures vanquished

Notes
Turn   | Place    | Note
-------+----------+-------------------------------------------
     0 | D:1      | jbradecamp the Gargoyle Chaos Knight began the quest for
                  | the Orb.
     0 | D:1      | Reached XP level 1. HP: 14/14 MP: 1/1
   161 | D:1      | XOM: silly message
   181 | D:1      | Found a faded altar of an unknown god.
   264 | D:1      | Reached skill level 3 in Polearms
   497 | D:1      | Reached XP level 2. HP: 12/19 MP: 2/2
   515 | D:1      | XOM: god gift: scroll labelled BUIGRA VUBA {god gift}
   978 | D:1      | XOM: 8-stop teleportation journey
  1084 | D:1      | XOM: silly message
  1383 | D:2      | Reached XP level 3. HP: 11/24 MP: 3/3
  1708 | D:2      | Reached skill level 1 in Dodging
  1848 | D:2      | XOM: silly message
  1915 | D:3      | Found a shadowy altar of Dithmenos.
  1930 | D:3      | Reached XP level 4. HP: 29/29 MP: 4/4
  1933 | D:3      | Noticed a scorpion
  1933 | D:3      | XOM: blink monster(s)
  1935 | D:3      | XOM: noise
  1944 | D:3      | Killed a scorpion
  1945 | D:3      | Reached skill level 4 in Polearms
  1945 | D:3      | Reached XP level 5. HP: 33/33 MP: 5/5
  2492 | D:3      | XOM: scenery: create altars
  2513 | D:3      | XOM: summons 3 hostile shadow creatures
  2617 | D:3      | XOM: give mutations
  2617 | D:3      | Gained mutation: Your flesh is cold resistant. (rC+) [Xom's
                  | mischief]
  2617 | D:3      | Gained mutation: Your muscles are strong. (Str +4, Int/Dex
                  | -1) [Xom's mischief]
  2668 | D:4      | Found a glowing silver altar of Zin.
  2668 | D:4      | Found a hide-covered altar of Uskayaw.
  2669 | D:4      | XOM: draining
  2727 | D:4      | Noticed sammy202020's ghost (amateur MiFi)
  2949 | D:4      | Found a runed translucent gate.
  2949 | D:4      | Found a runed translucent gate.
  2949 | D:4      | Found a runed translucent gate.
  3090 | D:4      | XOM: give mutations
  3090 | D:4      | Gained mutation: You are partially covered in iridescent
                  | scales. (AC +2) [Xom's mischief]
  3090 | D:4      | Gained mutation: You occasionally lose the ability to read
                  | scrolls when taking damage. [Xom's mischief]
  3090 | D:4      | Gained mutation: You have sharp toenails. [Xom's mischief]
  3189 | D:4      | XOM: silly message
  3211 | D:4      | XOM: give mutations
  3211 | D:4      | Gained mutation: You are strong-willed. (Will+) [Xom's
                  | mischief]
  3211 | D:4      | Lost mutation: You have sharp toenails. [Xom's mischief]
  3374 | D:4      | XOM: give mutations
  3374 | D:4      | Gained mutation: You are highly strong-willed. (Will++)
                  | [Xom's grace]
  3374 | D:4      | Gained mutation: You are extremely strong-willed. (Will+++)
                  | [Xom's grace]
  3374 | D:4      | Gained mutation: Your flesh is very cold resistant. (rC++)
                  | [Xom's grace]
  3374 | D:4      | Gained mutation: Your spells are a little harder to cast,
                  | but a little more powerful. [Xom's grace]
  3395 | D:5      | Entered Level 5 of the Dungeon
  3408 | D:5      | Found a large runed translucent door.
  3408 | D:5      | Noticed Edmund
  3408 | D:5      | XOM: 5-stop teleportation journey
  3427 | D:5      | XOM: chaos cloud
  3428 | D:5      | Killed Edmund
  3429 | D:5      | Reached XP level 6. HP: 39/39 MP: 6/6
  3460 | D:5      | HP: 1/39 [acid (7)]
  3475 | D:5      | XOM: scenery: 1 doors open
  3499 | D:5      | XOM: 2-stop teleportation journey
  3583 | D:5      | Found a large runed translucent door.
  3595 | D:5      | XOM: silly message
  3614 | D:5      | a howler monkey changed into a shapeshifter
  3614 | D:5      | Noticed a shapeshifter (shapeshifter)
  3614 | D:5      | XOM: polymorph howler monkey -> shapeshifter
  3614 | D:5      | a shapeshifter changed into a wyvern
  3614 | D:5      | Noticed a wyvern (shapeshifter)
  3621 | D:5      | XOM: blink monster(s)
  3627 | D:5      | Killed a wyvern
  3628 | D:5      | Reached skill level 5 in Fighting
  3628 | D:5      | Reached skill level 5 in Polearms
  3628 | D:5      | Reached XP level 7. HP: 29/44 MP: 7/7
  3643 | D:5      | XOM: stat loss: -1 Str (21/22)
  3656 | D:5      | Reached skill level 1 in Stealth
  3825 | D:5      | XOM: give mutation
  3825 | D:5      | Lost mutation: You are extremely strong-willed. (Will+++)
                  | [Xom's mischief]
  3828 | D:5      | XOM: summons friendly quasit
  4174 | D:5      | Noticed Grinder
  4177 | D:5      | XOM: cleaving
  4180 | D:5      | Paralysed by Grinder for 5 turns
  4190 | D:5      | Killed Grinder
  4191 | D:5      | Reached skill level 6 in Polearms
  4191 | D:5      | Reached XP level 8. HP: 50/50 MP: 8/8
  4261 | D:5      | Noticed Ijyb
  4276 | D:5      | Killed Ijyb
  4302 | D:5      | Found a runed translucent gate.
  4303 | D:5      | Found a runed translucent gate.
  4304 | D:5      | Found a runed translucent gate.
  4308 | D:5      | Noticed justen's ghost (amateur DrSh)
  4503 | D:5      | XOM: give mutations
  4503 | D:5      | Lost mutation: Your flesh is very cold resistant. (rC++)
                  | [Xom's mischief]
  4503 | D:5      | Lost mutation: Your flesh is cold resistant. (rC+) [Xom's
                  | mischief]
  4503 | D:5      | Gained mutation: You are vulnerable to cold. (rC-) [Xom's
                  | mischief]
  4503 | D:5      | Gained mutation: You are dopey. (Int -2) [Xom's mischief]
  4589 | D:5      | XOM: silly message
  4593 | D:5      | XOM: potion effect (brilliance)
  4595 | D:5      | XOM: silly message
  4599 | D:5      | XOM: divination: detect items
  4601 | D:5      | XOM: silly message
  4606 | D:5      | XOM: blink monster(s)
  4611 | D:5      | XOM: confusion (+ monsters)
  4635 | D:5      | Killed justen's ghost
  4636 | D:5      | Reached skill level 7 in Polearms
  4727 | D:5      | XOM: summons 2 hostile demons
  4751 | D:5      | Found a bloodstained altar of Trog.
  4767 | D:5      | Found an opulent altar of Gozag.
  4805 | D:6      | XOM: scenery: create altars
  4807 | D:6      | XOM: summons friendly shadow imp
  4831 | D:6      | Splashed by a jelly's acid

Illustrated notes

Levels and vault maps discovered:
D:1:      shiori_arrival_maze, layout_loops_corners,
          hellmonk_ecumenical_altar_leap_of_faith
D:2:      layout_basic, hangedman_abyss_or_decor_stabs, minmay_pentomino_z4
D:3:      layout_loops_cross, nicolae_dithmenos_the_darkroom
D:4:      layout_gridville, chequers_temple_overflow_statue_of_worship,
          gammafunk_ghost_split, minmay_bisected
D:5:      black_bear_nest_2, layout_basic, jmf_multi_god_temple2,
          gammafunk_ghost_necromancy, uniq_edmund, uniq_grinder, uniq_ijyb
D:6:      layout_cave_pools, minmay_temple_entry_mini_moons

Skill      XL: |  1  2  3  4  5  6  7  8 |
---------------+-------------------------+-----
Polearms       | 3 4 5 6 7 |  7.1
Dodging        | 1 2 3 |  3.9
Fighting       | 4 5 6 |  6.0
Armour         | 3 4 |  4.0
Stealth        | 1 2 |  2.5

Action                     |  1- 3 |  4- 6 |  7- 9 || total
---------------------------+-------+-------+-------++-------
  Melee: Spear             |   117 |   175 |   170 ||   462
         Punch             |     2 |       |     5 ||     7
         Kick              |       |     3 |       ||     3
    Use: Scroll            |     2 |     4 |     2 ||     8
         Potion            |     1 |     6 |     1 ||     8
   Stab: Confused          |       |       |     2 ||     2
         Sleeping          |       |       |     1 ||     1
 Armour: Leather armour    |    52 |   103 |   102 ||   257
  Dodge: Dodged            |    54 |   100 |    74 ||   228

Table legend: (Time is in decaauts)
 A = Elapsed time spent in this place.
 B = Non-inter-level travel time spent in this place.
 C = Inter-level travel time spent in this place.
 D = Time resting spent in this place.
 E = Time spent auto-exploring this place.
 F = Levels seen in this place.
 G = Mean time per level.
                   A        B        C        D        E       F      G
               +--------+--------+--------+--------+--------+-----+--------+
         Total |   4764 |   4707 |     57 |    163 |   1280 |   6 |  794.0 |
       Dungeon |   4764 |   4707 |     57 |    163 |   1280 |   6 |  794.0 |
               +--------+--------+--------+--------+--------+-----+--------+

Top non-repeatable levels by time:
     D:5: 1364 daAuts
     D:1: 1132 daAuts
     D:3: 800 daAuts
     D:2: 774 daAuts
     D:4: 667 daAuts
     D:6: 25 daAuts
